 Dungeon Crawl Stone Soup version 0.16.2-12-gd0ad4c3 (webtiles) character file.

1675 Peloso the Covered (level 8, -1/71 HPs)
             Began as a Minotaur Fighter on Nov 7, 2015.
             Was a Priest of Okawaru.
             Slain by an adder (2 damage)
             ... on level 6 of the Dungeon.
             The game lasted 00:16:19 (4321 turns).

Peloso the Covered (Minotaur Fighter)               Turns: 4321, Time: 00:16:19

Health: -1/71      AC:  3    Str: 22    XL:     8   Next: 70%
Magic:  3/3        EV:  8    Int:  5    God:    Okawaru [***...]
Gold:   353        SH: 11    Dex: 11    Spells: 0 memorised, 7 levels left

rFire  . . .     SeeInvis .     a - +0 long sword
rCold  . . .     Clarity  .     g - +1 chain mail
rNeg   . . .     SustAb   .     c - +0 shield
rPois  .         Gourm    .     (helmet restricted)
rElec  .         Spirit   .     u - +0 cloak
rCorr  .         Warding  .     (no gloves)
rMut   .         Stasis   .     (no boots)
MR     .....                    (no amulet)
Stlth  ..........               h - ring of flight
                                y - ring of wizardry

@: corroded equipment, not resistant to hostile enchantments, extremely
unstealthy
A: retaliatory headbutt, horns 2
a: Heroism, Renounce Religion, Evoke Flight


You were on level 6 of the Dungeon.
You worshipped Okawaru.
Okawaru was most pleased with you.
You were hungry.

You visited 1 branch of the dungeon, and saw 6 of its levels.

You collected 353 gold pieces.

Inventory:

Hand weapons
 a - a +0 long sword (weapon)
Armour
 b - a +0 scale mail
 c - a +0 shield (worn)
 g - a +1 chain mail (worn)
 u - a +0 cloak (worn)
Jewellery
 h - a ring of flight (right hand)
 i - a +5 ring of intelligence
 j - an uncursed ring of see invisible
 y - a ring of wizardry (left hand)
Magical devices
 m - a wand of random effects (48)
 n - a wand of magic darts (11)
 q - a wand of teleportation (5)
 z - a wand of disintegration (11)
Scrolls
 k - a scroll of enchant armour
 l - 3 scrolls of remove curse
 s - a scroll of fog
 A - a scroll of teleportation
 C - a scroll of identify
Potions
 e - a potion of might
 f - 2 potions of ambrosia {unknown}
 p - a potion of brilliance {unknown}
 r - a potion of restore abilities {unknown}
 v - a potion of agility {unknown}
 w - a potion of heal wounds
Comestibles
 d - 4 bread rations
 t - 2 meat rations
 x - 4 fruits
 B - 9 chunks of flesh


   Skills:
 + Level 6.5 Fighting
 + Level 6.4 Long Blades
 + Level 7.6 Armour
 + Level 3.5 Dodging
 + Level 1.1 Stealth
 + Level 7.5 Shields
 + Level 0.6 Invocations


You had 7 spell levels left.
You didn't know any spells.

Dungeon Overview and Level Annotations

Branches:
Dungeon (6/15)
 Temple: D:4-7

Altars:
Okawaru

Shops:
D:4 ?


Innate Abilities, Weirdness & Mutations

You reflexively headbutt those who attack you in melee.
You have a pair of horns on your head.


Message History

The adder is heavily wounded.
You feel sick. The adder bites you.
* * * LOW HITPOINT WARNING * * *
You block the jelly's attack. The adder bites you but does no damage.
You closely miss the adder.
The adder is heavily wounded.
The adder bites you but does no damage. You block the jelly's attack.
Your shield and chain mail prevent you from hitting the adder.
You headbutt the adder.
The adder is heavily wounded.
You feel sick. The adder bites you.
* * * LOW HITPOINT WARNING * * *
The jelly hits you but does no damage.
Drink which item? (? for menu, Esc to quit)
You feel better. You block the adder's attack. The jelly hits you.
* * * LOW HITPOINT WARNING * * *
You are splashed with acid!
The acid burns!
* * * LOW HITPOINT WARNING * * *
The adder bites you.
You die...

*,,,,,,,,,,,,,...,,*,,,*,,,+,,,,
*,,,,,,,,,,,,......#,,,+,,**+***
*,,,,,,,,,,,,......#,,,*,,**,,**
****+**+***+*#.....#,,,*,,,,,,,,
*,,,,,,,,+,,,#.....#,,,*,,,,,,,.
*,,,,,,,,*,,,#.....#,,,*,,,,,,..
*,,,,,,,,*,,,#.....#+##*,,**,,,.
*,,,,,,,,*,,,#.SJ..#..##+#######
***,,,,,,,*,,,+.@...+............
,**,,,***,**,,#.....#............
,**,,,***.##..##'####............
,,*,,,,,............'......##..##
,,+,,,,,,...........#......##..##
***,,,<**.....##....#......#.....
,,*******#######....#......#.....
,,* #.....#......+....† ,,*
#.....#......#.....


You could see a jelly and an adder.

Vanquished Creatures
  Pikel (D:4)
  2 slaves (D:4)
  An ice beast (D:6)
  An ogre (D:6)
  3 phantoms
  2 centaurs
  A scorpion (D:4)
  A jelly (D:6)
  A goliath beetle (D:6)
  Crazy Yiuf (D:4)
  A gnoll shaman (D:6)
  2 orc priests (D:6)
  A hound (D:5)
  2 worker ants (D:5)
  An orc wizard (D:5)
  Ijyb (D:3)
  3 gnolls (D:6)
  10 adders
  A shadow imp (D:5)
  2 giant mites (D:3)
  3 worms
  3 giant geckos
  2 oozes (D:3)
  10 orcs
  8 bats
  3 bat skeletons
  A giant cockroach (D:2)
  17 goblins
  15 hobgoblins
  11 jackals
  2 quokkas (D:2)
  4 ball pythons
  A giant gecko skeleton (D:5)
  5 giant newts
  10 kobolds
  8 rats
141 creatures vanquished.

Vanquished Creatures (others)
  A slave (D:4)
  A worker ant (D:4)
  An orc (D:4)
  2 giant cockroaches (D:4)
  A goblin (D:4)
  A plant (D:5)
7 creatures vanquished.

Grand Total: 148 creatures vanquished

Notes
Turn   | Place    | Note
--------------------------------------------------------------
     0 | D:1      | Peloso, the Minotaur Fighter, began the quest for the Orb.
     0 | D:1      | Reached XP level 1. HP: 19/19 MP: 1/1
   295 | D:1      | Reached XP level 2. HP: 27/27 MP: 1/1
   351 | D:1      | Reached skill level 4 in Shields
   655 | D:2      | Reached XP level 3. HP: 25/33 MP: 2/2
   862 | D:2      | Reached skill level 1 in Dodging
   942 | D:2      | Found an iron altar of Okawaru.
   957 | D:2      | Became a worshipper of Warmaster Okawaru
  1203 | D:3      | Reached XP level 4. HP: 40/40 MP: 2/2
  1453 | D:3      | Noticed Ijyb
  1469 | D:3      | Killed Ijyb
  1736 | D:3      | Reached XP level 5. HP: 44/46 MP: 2/2
  1783 | D:3      | Reached skill level 5 in Shields
  1939 | D:4      | Noticed a slave
  1939 | D:4      | Noticed a slave
  1940 | D:4      | Noticed Pikel
  1940 | D:4      | Noticed a slave
  1965 | D:4      | Killed a slave
  1979 | D:4      | Killed a slave
  2126 | D:4      | Noticed a slave
  2145 | D:4      | Killed Pikel
  2145 | D:4      | Acquired Okawaru's first power
  2145 | D:4      | Reached skill level 5 in Fighting
  2145 | D:4      | Reached skill level 5 in Armour
  2145 | D:4      | Reached XP level 6. HP: 23/56 MP: 3/3
  2145 | D:4      | Reached XP level 7. HP: 25/61 MP: 3/3
  2368 | D:4      | Reached skill level 5 in Long Blades
  2560 | D:4      | Noticed a phantom
  2574 | D:4      | Killed a phantom
  2574 | D:4      | Reached skill level 6 in Armour
  2599 | D:4      | Killed a freed slave
  2764 | D:4      | Noticed Crazy Yiuf
  2777 | D:4      | Killed Crazy Yiuf
  2840 | D:4      | Found Sac Ismu's Magic Scroll Boutique.
  2940 | D:5      | Entered Level 5 of the Dungeon
  2992 | D:5      | Reached skill level 1 in Stealth
  3080 | D:4      | Reached XP level 8. HP: 42/70 MP: 3/3
  3974 | D:6      | Reached skill level 7 in Armour
  4321 | D:6      | HP: 1/71 [acid (11)]
  4321 | D:6      | Slain by an adder

Action                   |  1- 3 |  4- 6 |  7- 9 || total
-------------------------+-------+-------+-------++-------
Melee: Long sword        |   113 |   117 |   264 ||   494
Invok: Heroism           |       |       |     1 ||     1
  Use: Potion            |     2 |     1 |     1 ||     4
       Scroll            |     2 |     7 |     1 ||    10
  Eat: Chunk             |     1 |     2 |     3 ||     6
       Meat ration       |       |       |     1 ||     1
